 Dungeon Crawl Stone Soup version 0.32-a0-900-g30fb1b0edc (webtiles) character file.

Game seed: 13716153817063754261

1113 Jano the Skirmisher (level 8, 0/54 (58) HPs)
             Began as a Coglin Hunter on Apr 5, 2024.
             Was an Initiate of Okawaru.
             Slain by a wight
             ... wielding a +4 spear of freezing
              (5 damage)
             ... on level 6 of the Dungeon.
             The game lasted 00:10:01 (3902 turns).

Jano the Skirmisher (Coglin Hunter)                 Turns: 3902, Time: 00:10:01

HP:   0/54 (58)     AC:  7    Str: 11    XL:     8   Next: 33%
MP:   8/8           EV: 11    Int:  9    God:    Okawaru [......]
Gold: 282           SH:  0    Dex: 20    Spells: 7/7 levels left

rFire   . . .        a - +2 sling (flame) {Adalbert}
rCold   . . .        d - +0 sling (heavy) {Zolin}
rNeg    . . .        c - +0 leather armour
rPois   .            (no helmet)
rElec   .            (no cloak)
rCorr   .            x - +1 pair of gloves
SInv    .            s - +1 pair of boots
Will    .....        (amulet unavailable)
Stlth   ++           (ring unavailable)
HPRegen 0.29/turn    (ring unavailable)
MPRegen 0.11/turn    (no gizmo)

%: no passive effects
@: drained, revved
A: off-hand wielding, slow wielding, warmup strikes, no jewellery
a: Invent Gizmo, Renounce Religion


You were on level 6 of the Dungeon.
You worshipped Okawaru.
Okawaru was noncommittal.
You visited 2 branches of the dungeon, and saw 7 of its levels.
You also visited: Sewer.

You collected 282 gold pieces.

Inventory:

Hand Weapons
 a - a +2 sling of flaming (weapon) {Adalbert}
 d - a +0 heavy sling (offhand) {Zolin}
 q - a +1 dagger of venom
 r - a +2 halberd of holy wrath
Missiles
 o - 20 poisoned darts
Armour
 c - a +0 leather armour (worn)
 s - a +1 pair of boots (worn)
 x - a +1 pair of gloves (worn)
Scrolls
 b - a scroll of butterflies
 e - a scroll of fear
 h - 3 scrolls of immolation
 n - a scroll of enchant armour
 u - a scroll of fog {unknown}
 v - a scroll of teleportation {unknown}
 y - a scroll of poison {unknown}
 A - 2 scrolls of identify
 B - 3 scrolls of vulnerability {unknown}
 C - a scroll of enchant weapon {unknown}
 D - a scroll of revelation {unknown}
Potions
 f - 2 potions of lignification
 g - 3 potions of attraction
 i - 3 potions of invisibility
 j - 3 potions of haste
 k - 5 potions of curing
 l - 4 potions of heal wounds
 m - a potion of degeneration {unknown}
 p - a potion of berserk rage {unknown}
 t - a potion of brilliance {unknown}
 w - a potion of enlightenment {unknown}
 z - 2 potions of might {unknown}


   Skills:
 + Level 3.4 Fighting
 + Level 9.1 Ranged Weapons
 + Level 2.0 Dodging
 - Level 0.7 Stealth


You had 7 spell levels left.
You didn't know any spells.
Your spell library contained the following spells:

 Spells                   Type           Power      Damage    Failure   Level
 Inner Flame              Hex/Fire       0%         N/A       85%         3
 Cause Fear               Hex            0%         N/A       99%         4
 Fireball                 Conj/Fire      0%         3d3       100%        5
 Irradiate                Conj/Alch      0%         3d11      100%        5
 Ignition                 Fire           0%         3d3       100%        8
 Dragon's Call            Summ           Unusable   N/A       N/A         9

Dungeon Overview and Level Annotations

Branches:
Dungeon (6/15)             Temple (1/1) D:6           Sewer (visited)

Altars:
Ashenzari
Cheibriados
Dithmenos
Elyvilon
Fedhas
Hepliaklqana
Okawaru
Ru
Uskayaw
Vehumet
Wu Jian
Xom
The Shining One

Annotations:
D:4 Natasha


Innate Abilities, Weirdness & Mutations

You can wield a second weapon in your off-hand.
It takes a long time for you to wield or remove held weapons.
Your first few attacks do less damage.
You cannot equip rings or amulets.


Message History

The wight is heavily damaged.
You shoot a sling bullet.
The sling bullet hits the wight but does no damage.
The wight barely misses you. The wight closely misses you.
You shoot a sling bullet. The sling bullet hits the wight.
The wight is lightly damaged.
You shoot a sling bullet. The sling bullet hits the wight.
The sling bullet burns the wight.
The wight is heavily damaged.
The wight hits you from afar with a +4 spear of freezing.
You feel drained. The wight freezes you.
You shoot a sling bullet.
The sling bullet hits the wight but does no damage.
The wight is heavily damaged.
You shoot a sling bullet.
The sling bullet closely misses the wight.
The wight hits you from afar with a +4 spear of freezing.
You feel drained. The wight freezes you. The wight hits you but does no damage.
The wight hits you from afar with a +4 spear of freezing.
The wight freezes you.
You shoot a sling bullet. The sling bullet hits the wight.
The wight is heavily damaged.
You shoot a sling bullet. The sling bullet hits the wight.
The sling bullet burns the wight.
The wight is almost destroyed.
The wight hits you with a +0 short sword.
The wight hits you from afar with a +4 spear of freezing!
You feel drained. The wight freezes you.
* * * LOW HITPOINT WARNING * * *
The wight barely misses you.
Unknown command.
You are too injured to fight recklessly!
You shoot a sling bullet. The sling bullet hits the wight!
You destroy the wight!
Okawaru accepts your kill.
You shoot a sling bullet.
The wight hits you from afar with a +4 spear of freezing!
* * * LOW HITPOINT WARNING * * *
The wight freezes you.
You die...

###..........##.~§~~~......
##(..........§~z~§~§.....
#........##.§z~>~§§....#
####.......####~~~~~~~....#
#....##...## #.~§~~~.....#
##...####..## #..~~§.....##
###....## ##.z# ####.....#.# #
##.......# #..## #.....#.#
###..#....## ##@)### #....#..#
##..##....# #.....## ##..##..#
..####....# ##......## #####.##
.## #...## ##......†..## ##.#
.# #...# ##..^........## #..#
.# #...###....)........###..#
## ##.#..).....)........##..#
######...................###.##
##........##.......).......#.#


You could see a wight.

Vanquished Creatures
  A black bear (D:6)
  A phantom (D:5)
  An ogre (D:4)
  A kobold brigand (Sewer)
  2 scorpions
  2 wights (D:6)
  A howler monkey (D:6)
  A hound (D:6)
  2 iguanas
  A sleepcap (D:6)
  5 orc wizards
  8 gnolls
  10 adders
  2 river rats (D:3)
  A shadow imp (D:5)
  A white imp (D:5)
  3 dart slugs
  2 ribbon worms
  15 orcs
  8 ball pythons
  6 endoplasms
  7 giant cockroaches
  13 goblins
  3 hobgoblins
  8 jackals
  21 kobolds
  7 quokkas
  14 bats
  4 frilled lizards
  9 rats
160 creatures vanquished.

Notes
Turn   | Place    | Note
-------+----------+-------------------------------------------
     0 | D:1      | Jano the Coglin Hunter began the quest for the Orb.
     0 | D:1      | Reached XP level 1. HP: 16/16 MP: 1/1
    79 | D:1      | Reached skill level 4 in Ranged Weapons
    79 | D:1      | Reached XP level 2. HP: 22/22 MP: 2/2
   393 | D:1      | Reached XP level 3. HP: 27/27 MP: 3/3
   945 | D:2      | Reached skill level 5 in Ranged Weapons
   945 | D:2      | Reached XP level 4. HP: 33/33 MP: 4/4
  1353 | D:3      | Reached XP level 5. HP: 32/38 MP: 5/5
  1489 | D:3      | Found a sacrificial altar of Ru.
  1570 | D:3      | Reached skill level 6 in Ranged Weapons
  1599 | D:3      | Found a glowing drain.
  1603 | Sewer    | Entered a sewer
  1714 | Sewer    | Noticed a kobold brigand
  1732 | Sewer    | Killed a kobold brigand
  1733 | Sewer    | Reached XP level 6. HP: 36/44 MP: 6/6
  2109 | D:4      | Found a broken altar of Ashenzari.
  2149 | D:4      | Found a snail-covered altar of Cheibriados.
  2149 | D:4      | Noticed Natasha
  2502 | D:4      | Reached skill level 7 in Ranged Weapons
  2652 | D:4      | Reached XP level 7. HP: 51/51 MP: 7/7
  2897 | D:5      | Entered Level 5 of the Dungeon
  3067 | D:5      | Reached skill level 8 in Ranged Weapons
  3461 | D:6      | Reached XP level 8. HP: 56/58 MP: 8/8
  3678 | D:6      | Found a staircase to the Ecumenical Temple.
  3687 | Temple   | Entered the Ecumenical Temple
  3704 | Temple   | Became a worshipper of Warmaster Okawaru
  3764 | D:6      | Reached skill level 9 in Ranged Weapons
  3772 | D:6      | Identified the +8 hand axe "Ciathum" {vamp, Str-4 Int+4}
  3902 | D:6      | Slain by a wight

Illustrated notes

Levels and vault maps discovered:
D:1:      onia_arrival_pentagram, layout_basic, minmay_misc_feat_x, st_stairs_13
D:2:      layout_basic, minmay_nonomino_d4
D:3:      layout_rooms, mainiacjoe_overflow_cross_hatched, gup_sewer_entry_bowl,
          minmay_fractal_squares_5
D:4:      old_forge, layout_gridville, slow_altar_1,
          nicolae_overflow_hidden_temple, uniq_natasha
D:5:      layout_loops_cross
D:6:      layout_cave_pods, minmay_temple_entry_mist,
          roadster_capsule_ark_zombie
Temple:   zaba_magenta_temple

Skill      XL: |  1  2  3  4  5  6  7  8 |
---------------+-------------------------+-----
Ranged Weapons | 4 5 6 7 8 9 |  9.1
Fighting       | 3 |  3.4
Dodging        | 2 |  2.0
Stealth        | |  0.7

Action                     |  1- 3 |  4- 6 |  7- 9 || total
---------------------------+-------+-------+-------++-------
   Fire: Sling             |   152 |   328 |   202 ||   682
    Use: Scroll            |       |     8 |     4 ||    12
         Potion            |       |     1 |       ||     1
 Armour: Leather armour    |    12 |    28 |    27 ||    67
  Dodge: Dodged            |    11 |    40 |    16 ||    67

Table legend: (Time is in decaauts)
 A = Elapsed time spent in this place.
 B = Non-inter-level travel time spent in this place.
 C = Inter-level travel time spent in this place.
 D = Time resting spent in this place.
 E = Time spent auto-exploring this place.
 F = Levels seen in this place.
 G = Mean time per level.
                   A        B        C        D        E       F      G
               +--------+--------+--------+--------+--------+-----+--------+
         Total |   4009 |   3897 |    112 |    242 |   2712 |   8 |  501.1 |
       Dungeon |   3805 |   3722 |     83 |    242 |   2640 |   6 |  634.2 |
        Temple |     34 |      5 |     29 |      0 |      0 |   1 |   34.0 |
         Sewer |    168 |    168 |      0 |      0 |     72 |   1 |  168.0 |
               +--------+--------+--------+--------+--------+-----+--------+

Top non-repeatable levels by time:
     D:4: 1028 daAuts
     D:1: 692 daAuts
     D:3: 575 daAuts
     D:5: 553 daAuts
     D:2: 533 daAuts
     D:6: 422 daAuts
   Sewer: 168 daAuts
  Temple: 34 daAuts
